[ AOE2 MATCH · #474430453 ]
UnrankedBurmese vs Byzantines
Player's team · LOSS
[ REPLAY ANALYSIS · EXTRACTED FROM THE RECORDED GAME ]
Feudal
10:07
Castle
16:54
Imperial
34:12
| APM avg | 31.3 |
| APM peak | 77 |
| eAPM avg | 16.7 |
| Villagers / military | 125 / 439 |
Focus
⚔️ 38.8% · 🌾 61.2%
Skirmisher ×216 · Spearman ×100 · Scout Cavalry ×95 · Arambai ×16 · Bombard Cannon ×7 · Monk ×4
Feudal
10:58
Castle
15:43
Imperial
31:04
| APM avg | 36.6 |
| APM peak | 94 |
| eAPM avg | 17.3 |
| Villagers / military | 138 / 266 |
Focus
⚔️ 26.6% · 🌾 73.4%
Scout Cavalry ×123 · Archer ×91 · Skirmisher ×30 · Bombard Cannon ×8 · Trebuchet (Packed) ×7 · Monk ×3
Feudal
10:21
Castle
20:08
Imperial
37:18
| APM avg | 23.3 |
| APM peak | 64 |
| eAPM avg | 13.6 |
| Villagers / military | 117 / 137 |
Focus
⚔️ 29.4% · 🌾 70.6%
Cataphract ×93 · Spearman ×18 · Mangonel ×12 · Trade Cart ×9 · Militia ×5 · Trebuchet (Packed) ×4
Feudal
11:57
Castle
14:52
Imperial
33:49
| APM avg | 25.0 |
| APM peak | 59 |
| eAPM avg | 17.1 |
| Villagers / military | 149 / 165 |
Focus
⚔️ 37.2% · 🌾 62.8%
Scout Cavalry ×85 · Scorpion ×40 · Archer ×16 · Spearman ×16 · Trebuchet (Packed) ×6 · Mangonel ×1
Match map
Initial resources + every placement click. Lines = walls · curves = elevation contours. ◆ gold · ⬟ stone · ● berries · ✦ relic · ◌ wall gap
Inputs per minute
— Nerdyx - - Xavi
Build order — Nerdyx
First 150 of 514 actions detected
| 0:01 | Create | Villager (Male) |
| 0:02 | Create | Villager (Male) |
| 0:02 | Build | House |
| 0:03 | Build | House |
| 0:10 | Create | Villager (Male) |
| 0:10 | Create | Villager (Male) |
| 1:26 | Create | Villager (Male) |
| 1:26 | Create | Villager (Male) |
| 1:48 | Build | Lumber Camp |
| 1:58 | Create | Villager (Male) |
| 1:58 | Create | Villager (Male) |
| 2:26 | Create | Villager (Male) |
| 2:26 | Create | Villager (Male) |
| 2:54 | Create | Villager (Male) |
| 2:54 | Create | Villager (Male) |
| 3:18 | Create | Villager (Male) |
| 3:46 | Create | Villager (Male) |
| 3:47 | Create | Villager (Male) |
| 3:51 | Build | House |
| 4:04 | Build | House |
| 4:36 | Create | Villager (Male) |
| 4:36 | Create | Villager (Male) |
| 4:36 | Create | Villager (Male) |
| 4:36 | Create | Villager (Male) |
| 4:37 | Create | Villager (Male) |
| 4:44 | Build | Mill |
| 5:11 | Create | Villager (Male) |
| 5:33 | Create | Villager (Male) |
| 5:53 | Create | Villager (Male) |
| 6:18 | Create | Villager (Male) |
| 6:21 | Build | Mining Camp |
| 6:23 | Create | Villager (Male) |
| 7:53 | Research | Feudal Age |
| 7:53 | Research | Feudal Age |
| 7:59 | Build | House |
| 8:00 | Build | House |
| 8:25 | Create | Villager (Male) |
| 9:33 | Build | Farm |
| 9:35 | Build | Farm |
| 9:40 | Build | Farm |
| 9:43 | Build | Farm |
| 10:07 | Age | Feudal Age |
| 10:08 | Build | Market |
| 10:18 | Build | Farm |
| 10:22 | Create | Villager (Male) |
| 10:36 | Build | Farm |
| 10:44 | Build | Farm |
| 10:47 | Create | Villager (Male) |
| 11:12 | Create | Villager (Male) |
| 11:17 | Build | Blacksmith |
| 11:44 | Create | Villager (Male) |
| 12:01 | Build | House |
| 12:02 | Build | House |
| 12:07 | Build | Farm |
| 12:09 | Create | Villager (Male) |
| 12:35 | Create | Villager (Male) |
| 12:45 | Build | Mining Camp |
| 12:58 | Create | Villager (Male) |
| 13:12 | Build | Barracks |
| 13:21 | Build | Farm |
| 13:22 | Create | Villager (Male) |
| 13:52 | Build | Farm |
| 13:54 | Research | Horse Collar |
| 14:14 | Research | Castle Age |
| 14:20 | Build | House |
| 14:20 | Build | House |
| 14:30 | Research | Horse Collar |
| 14:58 | Research | Gold Mining |
| 15:07 | Research | Stone Mining |
| 16:00 | Build | Stable |
| 16:02 | Create | Villager (Male) |
| 16:30 | Create | Villager (Male) |
| 16:54 | Age | Castle Age |
| 16:55 | Create | Knight |
| 17:08 | Build | Town Center |
| 17:10 | Create | Villager (Male) |
| 17:23 | Create | Scout Cavalry |
| 17:42 | Build | Town Center |
| 17:43 | Create | Villager (Male) |
| 18:08 | Research | Husbandry |
| 18:14 | Create | Villager (Male) |
| 18:44 | Research | Loom |
| 18:44 | Create | Villager (Male) |
| 19:16 | Create | Spearman |
| 19:16 | Create | Spearman |
| 19:20 | Research | Wheelbarrow |
| 19:20 | Create | Villager (Male) |
| 19:20 | Create | Villager (Male) |
| 19:22 | Create | Villager (Male) |
| 19:48 | Build | Monastery |
| 19:59 | Create | Villager (Male) |
| 20:01 | Create | Villager (Male) |
| 20:01 | Create | Villager (Male) |
| 20:05 | Create | Villager (Male) |
| 20:05 | Create | Villager (Male) |
| 20:16 | Build | Farm |
| 20:25 | Create | Spearman |
| 20:32 | Create | Monk |
| 20:46 | Build | House |
| 20:47 | Build | House |
| 20:47 | Build | House |
| 20:48 | Build | House |
| 20:51 | Research | Pikeman (upgrade) |
| 21:02 | Create | Monk |
| 21:06 | Create | Villager (Male) |
| 21:07 | Create | Villager (Male) |
| 21:08 | Create | Villager (Male) |
| 21:08 | Create | Villager (Male) |
| 21:23 | Build | Farm |
| 21:24 | Build | Farm |
| 21:26 | Build | Farm |
| 21:35 | Create | Villager (Male) |
| 21:35 | Create | Villager (Male) |
| 21:36 | Create | Villager (Male) |
| 21:36 | Create | Villager (Male) |
| 21:41 | Build | Farm |
| 21:43 | Build | Farm |
| 22:00 | Research | Fervor |
| 22:03 | Build | Farm |
| 22:05 | Create | Villager (Male) |
| 22:06 | Create | Villager (Male) |
| 22:17 | Create | Spearman |
| 22:17 | Create | Spearman |
| 22:27 | Build | House |
| 22:28 | Build | House |
| 22:59 | Create | Monk |
| 23:07 | Create | Villager (Male) |
| 23:07 | Create | Villager (Male) |
| 23:08 | Create | Villager (Male) |
| 23:08 | Create | Villager (Male) |
| 23:08 | Create | Villager (Male) |
| 23:08 | Create | Villager (Male) |
| 23:09 | Create | Villager (Male) |
| 23:19 | Build | Farm |
| 23:20 | Build | Farm |
| 23:42 | Create | Spearman |
| 23:42 | Create | Spearman |
| 23:46 | Build | House |
| 23:46 | Build | House |
| 23:50 | Create | Villager (Male) |
| 23:50 | Create | Villager (Male) |
| 23:50 | Create | Villager (Male) |
| 23:51 | Create | Villager (Male) |
| 23:54 | Build | Farm |
| 23:57 | Build | Farm |
| 23:58 | Build | Farm |
| 24:19 | Create | Villager (Male) |
| 24:19 | Create | Villager (Male) |
| 24:19 | Create | Villager (Male) |
| 24:19 | Create | Villager (Male) |
Build order — Xavi
First 150 of 404 actions detected
| 0:00 | Create | Villager (Male) |
| 0:01 | Create | Villager (Male) |
| 0:02 | Build | House |
| 0:04 | Build | House |
| 0:26 | Create | Villager (Male) |
| 0:26 | Create | Villager (Male) |
| 1:23 | Create | Villager (Male) |
| 1:23 | Create | Villager (Male) |
| 1:58 | Create | Villager (Male) |
| 2:16 | Create | Villager (Male) |
| 2:31 | Build | Lumber Camp |
| 2:42 | Create | Villager (Male) |
| 3:11 | Create | Villager (Male) |
| 3:27 | Build | House |
| 3:47 | Create | Villager (Male) |
| 4:31 | Create | Villager (Male) |
| 4:31 | Create | Villager (Male) |
| 4:39 | Create | Villager (Male) |
| 4:47 | Create | Villager (Male) |
| 4:51 | Build | Mill |
| 4:57 | Create | Villager (Male) |
| 5:29 | Build | House |
| 5:55 | Create | Villager (Male) |
| 6:06 | Create | Villager (Male) |
| 6:45 | Create | Villager (Male) |
| 7:29 | Create | Villager (Male) |
| 7:29 | Create | Villager (Male) |
| 8:24 | Build | House |
| 8:48 | Research | Feudal Age |
| 8:53 | Build | Palisade Wall |
| 8:53 | Build | Palisade Wall |
| 8:59 | Build | Palisade Wall |
| 9:01 | Build | Palisade Wall |
| 9:07 | Build | Palisade Wall |
| 9:08 | Build | Palisade Wall |
| 9:20 | Build | Mining Camp |
| 9:38 | Create | Villager (Male) |
| 9:46 | Build | Lumber Camp |
| 10:28 | Build | Farm |
| 10:31 | Build | Farm |
| 10:58 | Age | Feudal Age |
| 11:20 | Create | Villager (Male) |
| 11:27 | Build | Blacksmith |
| 11:46 | Build | Market |
| 11:56 | Create | Villager (Male) |
| 12:07 | Create | Villager (Male) |
| 12:46 | Create | Villager (Male) |
| 13:03 | Research | Castle Age |
| 13:14 | Build | Barracks |
| 13:26 | Create | Villager (Male) |
| 13:29 | Build | Farm |
| 13:30 | Build | Farm |
| 14:11 | Build | House |
| 14:15 | Build | Stable |
| 14:55 | Create | Villager (Male) |
| 15:06 | Build | Farm |
| 15:09 | Build | Farm |
| 15:11 | Build | Farm |
| 15:34 | Build | Farm |
| 15:40 | Build | Lumber Camp |
| 15:43 | Age | Castle Age |
| 15:45 | Create | Villager (Male) |
| 15:46 | Create | Scout Cavalry |
| 15:56 | Build | Stable |
| 16:10 | Create | Villager (Male) |
| 16:14 | Build | Farm |
| 16:18 | Create | Villager (Male) |
| 16:47 | Create | Scout Cavalry |
| 16:53 | Research | Husbandry |
| 17:07 | Create | Villager (Male) |
| 17:12 | Build | Monastery |
| 17:37 | Build | House |
| 17:38 | Build | House |
| 17:41 | Create | Scout Cavalry |
| 17:59 | Research | Wheelbarrow |
| 18:18 | Create | Monk |
| 18:29 | Create | Camel Scout |
| 18:43 | Create | Villager (Male) |
| 18:50 | Build | Farm |
| 18:55 | Build | Farm |
| 19:00 | Build | Town Center |
| 19:28 | Create | Villager (Male) |
| 19:30 | Create | Camel Scout |
| 19:40 | Create | Villager (Male) |
| 19:48 | Create | Villager (Male) |
| 19:58 | Build | Farm |
| 20:00 | Research | Double-Bit Axe |
| 20:22 | Create | Villager (Male) |
| 20:29 | Build | Town Center |
| 20:48 | Create | Villager (Male) |
| 21:02 | Create | Monk |
| 21:13 | Create | Villager (Male) |
| 21:27 | Build | Farm |
| 21:33 | Build | Farm |
| 21:33 | Build | Farm |
| 21:34 | Build | Farm |
| 21:34 | Build | Farm |
| 21:47 | Build | Farm |
| 21:50 | Create | Villager (Male) |
| 21:50 | Create | Villager (Male) |
| 22:17 | Create | Villager (Male) |
| 22:18 | Research | Hand Cart |
| 22:27 | Create | Villager (Male) |
| 22:27 | Create | Villager (Male) |
| 23:06 | Create | Villager (Male) |
| 23:07 | Create | Villager (Male) |
| 23:12 | Build | Farm |
| 23:14 | Build | Farm |
| 23:46 | Create | Villager (Male) |
| 23:51 | Build | Farm |
| 23:53 | Create | Villager (Male) |
| 24:00 | Build | Farm |
| 24:01 | Build | Farm |
| 24:01 | Build | Farm |
| 24:10 | Create | Villager (Male) |
| 24:11 | Create | Villager (Male) |
| 24:11 | Create | Villager (Male) |
| 24:14 | Build | Farm |
| 24:17 | Build | House |
| 24:18 | Build | House |
| 24:22 | Build | House |
| 24:23 | Build | House |
| 24:26 | Create | Villager (Male) |
| 24:47 | Create | Villager (Male) |
| 24:52 | Create | Villager (Male) |
| 24:54 | Create | Villager (Male) |
| 24:54 | Create | Villager (Male) |
| 24:55 | Research | Bow Saw |
| 24:56 | Research | Horse Collar |
| 25:19 | Create | Villager (Male) |
| 25:19 | Create | Villager (Male) |
| 25:33 | Build | Farm |
| 25:37 | Build | House |
| 25:51 | Build | Farm |
| 25:54 | Create | Villager (Male) |
| 25:56 | Build | Farm |
| 25:59 | Build | Farm |
| 26:01 | Build | Farm |
| 26:06 | Create | Villager (Male) |
| 26:06 | Create | Villager (Male) |
| 26:13 | Build | Farm |
| 26:20 | Build | University |
| 26:40 | Create | Villager (Male) |
| 26:45 | Create | Monk |
| 27:09 | Create | Scout Cavalry |
| 27:16 | Create | Scout Cavalry |
| 27:19 | Research | Scale Barding Armor |
| 27:20 | Create | Villager (Male) |
| 27:34 | Build | House |
| 27:35 | Build | House |
Build order — gdanelutti87
First 150 of 415 actions detected
| 0:01 | Create | Villager (Male) |
| 0:04 | Build | House |
| 0:06 | Build | House |
| 0:26 | Create | Villager (Male) |
| 0:36 | Create | Villager (Male) |
| 0:49 | Create | Villager (Male) |
| 1:26 | Create | Villager (Male) |
| 2:08 | Create | Villager (Male) |
| 2:12 | Build | Lumber Camp |
| 2:15 | Create | Villager (Male) |
| 2:42 | Create | Villager (Male) |
| 3:21 | Create | Villager (Male) |
| 3:39 | Create | Villager (Male) |
| 3:55 | Build | Mill |
| 4:23 | Create | Villager (Male) |
| 4:25 | Create | Villager (Male) |
| 4:53 | Build | House |
| 4:57 | Research | Loom |
| 4:57 | Create | Villager (Male) |
| 5:12 | Create | Villager (Male) |
| 5:55 | Create | Villager (Male) |
| 6:06 | Create | Villager (Male) |
| 6:15 | Create | Villager (Male) |
| 6:25 | Create | Villager (Male) |
| 6:28 | Create | Villager (Male) |
| 6:50 | Create | Villager (Male) |
| 6:53 | Create | Villager (Male) |
| 7:05 | Build | House |
| 7:33 | Build | Barracks |
| 7:56 | Research | Feudal Age |
| 8:02 | Build | House |
| 8:04 | Build | House |
| 8:38 | Build | Mining Camp |
| 9:04 | Create | Villager (Male) |
| 9:05 | Create | Villager (Male) |
| 9:35 | Build | Mill |
| 9:48 | Create | Villager (Male) |
| 10:07 | Create | Villager (Male) |
| 10:18 | Build | Outpost |
| 10:21 | Age | Feudal Age |
| 10:28 | Research | Man-at-Arms (upgrade) |
| 10:30 | Create | Militia |
| 10:31 | Create | Militia |
| 10:31 | Create | Militia |
| 10:46 | Create | Spearman |
| 10:48 | Create | Spearman |
| 11:10 | Create | Villager (Male) |
| 11:28 | Build | Market |
| 11:34 | Create | Villager (Male) |
| 11:40 | Create | Villager (Male) |
| 11:50 | Create | Spearman |
| 12:09 | Build | Outpost |
| 12:13 | Create | Villager (Male) |
| 12:28 | Build | Farm |
| 12:29 | Create | Villager (Male) |
| 12:38 | Research | Double-Bit Axe |
| 12:55 | Build | House |
| 13:06 | Build | House |
| 13:11 | Create | Militia |
| 13:11 | Create | Spearman |
| 13:12 | Create | Militia |
| 13:37 | Build | Outpost |
| 13:44 | Create | Villager (Male) |
| 14:15 | Build | Farm |
| 14:16 | Build | Farm |
| 14:17 | Build | Farm |
| 14:32 | Create | Villager (Male) |
| 14:37 | Create | Villager (Male) |
| 14:45 | Build | Farm |
| 14:53 | Build | House |
| 15:02 | Build | Farm |
| 15:03 | Create | Villager (Male) |
| 15:16 | Build | House |
| 15:45 | Build | Blacksmith |
| 16:07 | Build | House |
| 16:22 | Create | Spearman |
| 16:23 | Create | Spearman |
| 16:33 | Build | Mining Camp |
| 17:28 | Research | Castle Age |
| 17:28 | Research | Castle Age |
| 17:41 | Build | House |
| 18:01 | Build | Stable |
| 18:03 | Create | Villager (Male) |
| 19:04 | Build | Farm |
| 19:05 | Build | Farm |
| 19:06 | Build | Farm |
| 19:07 | Build | Farm |
| 19:18 | Research | Horse Collar |
| 19:41 | Build | House |
| 19:51 | Create | Villager (Male) |
| 19:52 | Create | Villager (Male) |
| 20:08 | Age | Castle Age |
| 20:14 | Build | Mining Camp |
| 20:16 | Create | Villager (Male) |
| 20:33 | Build | Town Center |
| 20:34 | Create | Villager (Male) |
| 20:34 | Create | Villager (Male) |
| 20:35 | Create | Villager (Male) |
| 20:41 | Build | House |
| 21:02 | Build | Monastery |
| 21:05 | Create | Villager (Male) |
| 21:28 | Build | House |
| 21:30 | Build | House |
| 21:36 | Research | Husbandry |
| 22:34 | Create | Villager (Male) |
| 22:34 | Create | Villager (Male) |
| 22:36 | Create | Villager (Male) |
| 22:41 | Build | Farm |
| 22:51 | Build | Farm |
| 22:51 | Build | Farm |
| 22:53 | Create | Villager (Male) |
| 22:55 | Create | Villager (Male) |
| 23:18 | Build | House |
| 23:21 | Create | Villager (Male) |
| 23:26 | Create | Villager (Male) |
| 23:51 | Build | House |
| 23:51 | Create | Monk |
| 23:52 | Create | Monk |
| 23:56 | Create | Monk |
| 24:14 | Create | Villager (Male) |
| 24:20 | Create | Villager (Male) |
| 24:21 | Create | Villager (Male) |
| 24:47 | Build | Castle |
| 24:54 | Create | Camel Scout |
| 24:54 | Create | Camel Scout |
| 25:06 | Create | Villager (Male) |
| 25:13 | Build | Farm |
| 25:22 | Create | Villager (Male) |
| 25:23 | Create | Villager (Male) |
| 25:31 | Build | Farm |
| 25:32 | Build | Farm |
| 25:33 | Build | Farm |
| 25:35 | Build | Farm |
| 25:37 | Build | Farm |
| 25:38 | Build | Farm |
| 25:39 | Build | Farm |
| 25:41 | Create | Villager (Male) |
| 25:50 | Build | Farm |
| 25:51 | Create | Villager (Male) |
| 25:54 | Create | Villager (Male) |
| 26:37 | Research | Forging |
| 26:42 | Create | Villager (Male) |
| 26:48 | Build | Farm |
| 26:49 | Create | Villager (Male) |
| 26:50 | Create | Villager (Male) |
| 26:56 | Build | Town Center |
| 27:00 | Create | Villager (Male) |
| 27:06 | Create | Villager (Male) |
| 27:06 | Create | Villager (Male) |
| 27:14 | Build | Farm |
Build order — gxapolinario95
First 150 of 502 actions detected
| 0:03 | Create | Villager (Male) |
| 0:04 | Create | Villager (Male) |
| 0:04 | Create | Villager (Male) |
| 0:05 | Build | House |
| 0:06 | Build | House |
| 0:29 | Create | Villager (Male) |
| 1:29 | Build | House |
| 1:30 | Build | Lumber Camp |
| 1:32 | Create | Villager (Male) |
| 1:32 | Create | Villager (Male) |
| 2:10 | Create | Villager (Male) |
| 2:11 | Create | Villager (Male) |
| 2:58 | Create | Villager (Male) |
| 2:58 | Create | Villager (Male) |
| 3:18 | Create | Villager (Male) |
| 3:19 | Create | Villager (Male) |
| 3:19 | Create | Villager (Male) |
| 3:33 | Create | Villager (Male) |
| 3:34 | Create | Villager (Male) |
| 3:34 | Create | Villager (Male) |
| 3:54 | Create | Villager (Male) |
| 3:54 | Create | Villager (Male) |
| 4:05 | Create | Villager (Male) |
| 4:51 | Create | Villager (Male) |
| 4:57 | Build | Mill |
| 4:59 | Create | Villager (Male) |
| 4:59 | Create | Villager (Male) |
| 5:46 | Create | Villager (Male) |
| 5:55 | Create | Villager (Male) |
| 6:04 | Build | Mining Camp |
| 6:05 | Create | Villager (Male) |
| 6:06 | Create | Villager (Male) |
| 6:47 | Create | Villager (Male) |
| 7:02 | Build | House |
| 7:15 | Research | Loom |
| 7:39 | Create | Villager (Male) |
| 7:40 | Create | Villager (Male) |
| 8:09 | Create | Villager (Male) |
| 8:11 | Create | Villager (Male) |
| 8:30 | Build | Mill |
| 8:31 | Create | Villager (Male) |
| 8:41 | Create | Villager (Male) |
| 8:48 | Research | Feudal Age |
| 9:28 | Create | Villager (Male) |
| 9:51 | Build | Farm |
| 9:54 | Build | Farm |
| 10:26 | Build | Farm |
| 10:45 | Create | Villager (Male) |
| 11:26 | Build | Mining Camp |
| 11:35 | Create | Villager (Male) |
| 11:57 | Age | Feudal Age |
| 12:09 | Build | House |
| 12:12 | Research | Castle Age |
| 12:45 | Research | Stone Mining |
| 13:02 | Create | Villager (Male) |
| 13:21 | Build | House |
| 14:01 | Research | Double-Bit Axe |
| 14:13 | Build | Farm |
| 14:18 | Create | Villager (Male) |
| 14:43 | Create | Villager (Male) |
| 14:52 | Age | Castle Age |
| 16:00 | Create | Villager (Male) |
| 16:01 | Create | Villager (Male) |
| 16:01 | Create | Villager (Male) |
| 16:06 | Build | Town Center |
| 16:47 | Create | Villager (Male) |
| 17:16 | Create | Villager (Male) |
| 17:17 | Create | Villager (Male) |
| 17:24 | Build | Farm |
| 17:24 | Build | Farm |
| 17:24 | Build | Farm |
| 17:25 | Build | Farm |
| 17:36 | Create | Villager (Male) |
| 17:46 | Create | Villager (Male) |
| 18:02 | Research | Town Watch |
| 18:21 | Create | Villager (Male) |
| 18:31 | Build | Farm |
| 18:38 | Build | Farm |
| 18:47 | Build | Siege Workshop |
| 18:56 | Build | House |
| 18:58 | Build | House |
| 19:00 | Create | Villager (Male) |
| 19:12 | Build | Farm |
| 19:15 | Research | Horse Collar |
| 19:22 | Create | Villager (Male) |
| 19:36 | Create | Villager (Male) |
| 19:46 | Create | Scorpion |
| 19:46 | Create | Scorpion |
| 19:47 | Create | Scorpion |
| 19:47 | Create | Scorpion |
| 20:01 | Build | House |
| 20:13 | Create | Villager (Male) |
| 20:14 | Create | Villager (Male) |
| 20:40 | Build | House |
| 20:42 | Create | Villager (Male) |
| 20:50 | Build | Town Center |
| 20:55 | Create | Villager (Male) |
| 20:56 | Create | Villager (Male) |
| 21:25 | Build | Outpost |
| 21:33 | Research | Wheelbarrow |
| 21:38 | Create | Villager (Male) |
| 21:46 | Create | Scorpion |
| 21:48 | Create | Scorpion |
| 21:57 | Create | Villager (Male) |
| 22:00 | Build | Farm |
| 22:04 | Build | Farm |
| 22:05 | Create | Villager (Male) |
| 22:17 | Build | Lumber Camp |
| 22:24 | Create | Villager (Male) |
| 22:31 | Build | Farm |
| 22:35 | Build | Farm |
| 22:37 | Create | Scorpion |
| 22:52 | Create | Villager (Male) |
| 22:58 | Build | Outpost |
| 23:00 | Build | Outpost |
| 23:02 | Create | Villager (Male) |
| 23:07 | Create | Villager (Male) |
| 23:10 | Build | Lumber Camp |
| 23:11 | Create | Villager (Male) |
| 23:14 | Create | Villager (Male) |
| 23:16 | Create | Villager (Male) |
| 23:22 | Create | Scorpion |
| 23:56 | Build | Stable |
| 24:01 | Create | Villager (Male) |
| 24:02 | Create | Villager (Male) |
| 24:04 | Create | Villager (Male) |
| 24:13 | Research | Bow Saw |
| 24:32 | Create | Scorpion |
| 24:35 | Create | Scorpion |
| 24:36 | Create | Villager (Male) |
| 24:38 | Create | Villager (Male) |
| 24:39 | Create | Villager (Male) |
| 24:48 | Build | Farm |
| 24:50 | Create | Villager (Male) |
| 24:58 | Build | Lumber Camp |
| 25:06 | Build | House |
| 25:07 | Build | House |
| 25:11 | Research | Gold Mining |
| 25:14 | Create | Villager (Male) |
| 25:39 | Create | Scout Cavalry |
| 25:46 | Build | Barracks |
| 25:48 | Create | Villager (Male) |
| 25:49 | Create | Villager (Male) |
| 25:52 | Create | Villager (Male) |
| 25:59 | Create | Scorpion |
| 25:59 | Create | Scorpion |
| 26:04 | Build | Farm |
| 26:05 | Build | Farm |
| 26:05 | Build | Farm |
| 26:17 | Create | Villager (Male) |
Match timeline
| 7:33 | gdanelutti87 · first_building Barracks |
| 8:53 | Xavi · wall_segment Palisade Wall x1 |
| 8:53 | Xavi · wall_segment Palisade Wall x1 |
| 8:59 | Xavi · wall_segment Palisade Wall x1 |
| 9:01 | Xavi · wall_segment Palisade Wall x1 |
| 9:07 | Xavi · wall_segment Palisade Wall x1 |
| 9:08 | Xavi · wall_segment Palisade Wall x1 |
| 10:07 | Nerdyx · age_up feudal |
| 10:21 | gdanelutti87 · age_up feudal |
| 10:58 | Xavi · age_up feudal |
| 11:57 | gxapolinario95 · age_up feudal |
| 13:12 | Nerdyx · first_building Barracks |
| 13:14 | Xavi · first_building Barracks |
| 14:15 | Xavi · first_building Stable |
| 14:52 | gxapolinario95 · age_up castle |
| 15:43 | Xavi · age_up castle |
| 16:00 | Nerdyx · first_building Stable |
| 16:40 | gdanelutti87 · first_market_buy 100 food |
| 16:48 | gdanelutti87 · first_market_sell 100 wood |
| 16:54 | Nerdyx · age_up castle |
| 17:05 | Nerdyx · first_market_buy 100 wood |
| 17:12 | Xavi · first_building Monastery |
| 18:01 | gdanelutti87 · first_building Stable |
| 18:47 | gxapolinario95 · first_building Siege Workshop |
| 19:48 | Nerdyx · first_building Monastery |
| 20:08 | gdanelutti87 · age_up castle |
| 21:02 | gdanelutti87 · first_building Monastery |
| 22:26 | Xavi · first_market_buy 100 food |
| 23:56 | gxapolinario95 · first_building Stable |
| 24:47 | gdanelutti87 · first_building Castle |
| 25:46 | gxapolinario95 · first_building Barracks |
| 27:58 | Nerdyx · first_building Castle |
| 29:07 | gdanelutti87 · wall_segment Stone Wall x17 |
| 29:50 | Nerdyx · first_building Archery Range |
| 30:09 | Xavi · first_building Archery Range |
| 30:58 | Nerdyx · first_market_sell 100 wood |
| 31:04 | Xavi · age_up imperial |
| 31:25 | Nerdyx · first_building Siege Workshop |
| 32:17 | gxapolinario95 · first_building Archery Range |
| 33:22 | Xavi · first_building Castle |
| 33:47 | gxapolinario95 · first_building Castle |
| 33:49 | gxapolinario95 · age_up imperial |
| 34:12 | Nerdyx · age_up imperial |
| 35:18 | gdanelutti87 · wall_segment Stone Wall x13 |
| 36:41 | gdanelutti87 · first_building Siege Workshop |
| 37:04 | Xavi · first_building Siege Workshop |
| 37:18 | gdanelutti87 · age_up imperial |
| 37:27 | gdanelutti87 · wall_segment Stone Wall x59 |
| 40:01 | gdanelutti87 · wall_segment Stone Wall x14 |
| 45:46 | Xavi · tribute_sent a jugador 2 |
| 45:46 | Xavi · tribute_sent a jugador 3 |
| 45:46 | Xavi · tribute_sent a jugador 4 |
| 45:57 | Xavi · tribute_sent a jugador 2 |
| 45:57 | Xavi · tribute_sent a jugador 3 |
| 45:57 | Xavi · tribute_sent a jugador 4 |
| 47:45 | Xavi · first_market_sell 500 wood |
| 51:32 | Xavi · tribute_sent a jugador 2 |
| 51:32 | Xavi · tribute_sent a jugador 3 |
| 51:32 | Xavi · tribute_sent a jugador 4 |
| 52:14 | gdanelutti87 · resign |
[ AI ANALYSIS · 1 CREDIT ]
What really happened in this match?
Wolo.gg analyzes every decision: build order, eco, micro, common mistakes by bracket. Personalized analysis on WhatsApp or Discord in 30 seconds.
Civ guide
Burmese
Perfil
Nerdyx